 Dungeon Crawl Stone Soup version 0.24-a0-639-gb70a11d811 (webtiles) character file.

Game seed: 10592001981539378792, levelgen mode: deterministic

1752 Peloso the Covered (level 8, -2/69 HPs)
             Began as a Minotaur Fighter on Sept 23, 2019.
             Was an Initiate of Gozag.
             Slain by an orc warrior
             ... wielding a +0 glaive
              (13 damage)
             ... on level 6 of the Dungeon.
             The game lasted 00:17:53 (6628 turns).

Peloso the Covered (Minotaur Fighter)               Turns: 6628, Time: 00:17:54

Health: -2/69      AC: 10    Str: 21    XL:     8   Next: 78%
Magic:  7/7        EV:  7    Int:  5    God:    Gozag
Gold:   563        SH: 12    Dex: 12    Spells: 7/7 levels left

rFire    . . .     SeeInvis .   a - +0 long sword
rCold    . . .     Gourm    .   c - +1 shield
rNeg     . . .     Faith    .   o - +0 chain mail
rPois    .         Spirit   .   (helmet restricted)
rElec    .         Reflect  .   (no cloak)
rCorr    .         Harm     .   (no gloves)
MR       .....                  (no boots)
Stlth    ..........             v - amulet of rage
HPRegen  0.21/turn              (no ring)
MPRegen  0.10/turn              (no ring)

@: gold aura
A: retaliatory headbutt, horns 2
a: Potion Petition, Call Merchant, Bribe Branch, Renounce Religion, Evoke
Berserk Rage


You were on level 6 of the Dungeon.
You worshipped Gozag.
Gozag was pleased with you.
You were very hungry.

You visited 2 branches of the dungeon, and saw 7 of its levels.

You collected 618 gold pieces.
You paid 55 gold pieces to Gozag.

Inventory:

Hand Weapons
 a - a +0 long sword (weapon)
Armour
 b - a +0 scale mail
 c - a +1 shield (worn)
 o - a +0 chain mail (worn)
 y - a +0 pair of boots
Jewellery
 u - an uncursed amulet of the gourmand
 v - an amulet of rage (around neck)
 B - a cursed ring of teleportation {unknown}
 C - a cursed -3 ring of dexterity {unknown}
Scrolls
 e - 3 scrolls of amnesia {unknown}
 g - a scroll of fog {unknown}
 h - a scroll of noise {unknown}
 i - 6 scrolls of teleportation
 j - 10 scrolls of identify
 m - 2 scrolls of enchant armour
 n - 4 scrolls of enchant weapon {unknown}
 w - 3 scrolls of immolation {unknown}
 x - a scroll of remove curse {unknown}
Potions
 d - a potion of might
 l - a potion of mutation {unknown}
 p - 3 potions of brilliance {unknown}
 q - a potion of resistance {unknown}
 r - a potion of invisibility {unknown}
 s - 2 potions of haste {unknown}
 t - 2 potions of degeneration {unknown}
 z - a potion of flight {unknown}
 A - a potion of berserk rage {unknown}
 D - a potion of heal wounds {unknown}
Comestibles
 f - 10 rations


   Skills:
 + Level 5.4 Fighting
 + Level 7.8 Long Blades
 + Level 7.9 Armour
 + Level 2.3 Dodging
 + Level 1.4 Stealth
 + Level 7.8 Shields


You had 7 spell levels left.
You didn't know any spells.
Your spell library was empty.

Dungeon Overview and Level Annotations

Branches:
Dungeon (6/15)             Temple (1/1) D:4

Altars:
Ashenzari
Dithmenos
Elyvilon
Fedhas
Gozag
Hepliaklqana
Kikubaaqudgha
Makhleb
Nemelex Xobeh
Trog
Uskayaw
Vehumet
Wu Jian
Xom
Yredelemnul
Zin
The Shining One


Innate Abilities, Weirdness & Mutations

You reflexively headbutt those who attack you in melee.
You have a pair of horns on your head.


Message History

You hit the orc priest.
You kill the orc priest!
The orc warrior hits you with a +0 glaive!!
Unknown command.
You hit the orc.
The orc is lightly wounded.
The orc hits you but does no damage.
You hit the orc.
You kill the orc!
The orc warrior hits you with a +0 glaive!
The orc warrior hits you with a +0 glaive!
* * * LOW HITPOINT WARNING * * *
Things that are here:
15 gold pieces; a +0 flail Unknown command.
You barely miss the orc warrior.
The orc warrior is moderately wounded.
The orc warrior hits you with a +0 glaive!
You die...
Your body crumbles into a pile of gold.

#....# ###..## ##..## .
# ##..## .. ## #...##
..# .## ##...### ...#
..## ##....########....#
...## #..........o.....#
#...###........$@.#....#
##.........<....### ...
##...........### .
###....###### ######


You could see an orc warrior.

Vanquished Creatures
  Edmund (D:4)
  An ice beast (D:4)
  3 ogres
  A phantom (D:5)
  2 sky beasts
  Blork the orc (D:6)
  A gnoll sergeant (D:6)
  3 killer bees
  A howler monkey (D:5)
  A crimson imp (D:5)
  A bullfrog zombie (D:5)
  2 jellies (D:6)
  2 orc priests (D:6)
  A bullfrog skeleton (D:6)
  2 orc wizards (D:6)
  An iguana (D:6)
  5 worker ants
  A hound skeleton (D:4)
  A worker ant zombie (D:6)
  11 gnolls
  9 adders
  2 shadow imps (D:6)
  An adder skeleton (D:4)
  A worm (D:4)
  3 leopard geckos
  5 orcs
  A giant cockroach (D:4)
  7 goblins
  9 hobgoblins
  4 jackals (D:1)
  5 quokkas
  A ball python (D:1)
  7 bats
  5 frilled lizards
  6 kobolds
  7 rats
115 creatures vanquished.

Notes
Turn   | Place    | Note
-------+----------+-------------------------------------------
     0 | D:1      | Peloso the Minotaur Fighter began the quest for the Orb.
     0 | D:1      | Reached XP level 1. HP: 19/19 MP: 0/0
   100 | D:1      | Reached XP level 2. HP: 23/27 MP: 1/1
  1439 | D:2      | Reached XP level 3. HP: 33/33 MP: 2/2
  1487 | D:2      | Reached skill level 1 in Dodging
  1487 | D:2      | Reached XP level 4. HP: 20/40 MP: 3/3
  2384 | D:3      | Reached XP level 5. HP: 30/47 MP: 4/4
  2991 | D:4      | Found a glowing golden altar of the Shining One.
  3015 | D:4      | Noticed a sky beast
  3030 | D:4      | Killed a sky beast
  3030 | D:4      | Reached skill level 5 in Armour
  3030 | D:4      | Reached skill level 5 in Shields
  3121 | D:4      | Reached XP level 6. HP: 39/53 MP: 5/5
  3357 | D:4      | Noticed Edmund
  3381 | D:4      | Killed Edmund
  3381 | D:4      | Reached skill level 5 in Long Blades
  3654 | D:4      | Found a staircase to the Ecumenical Temple.
  3817 | Temple   | Entered the Ecumenical Temple
  3945 | Temple   | Became a worshipper of Gozag Ym Sagoz the Greedy
  3977 | D:5      | Entered Level 5 of the Dungeon
  3979 | D:5      | Noticed an ice beast
  3994 | D:4      | Killed an ice beast
  3994 | D:4      | Reached XP level 7. HP: 45/60 MP: 6/6
  4076 | D:5      | Found a sparkling altar of Nemelex Xobeh.
  4076 | D:5      | Found a shimmering altar of Xom.
  4078 | D:5      | Found a hide-covered altar of Uskayaw.
  4078 | D:5      | Found a white marble altar of Elyvilon.
  4119 | D:5      | Found a shadowy altar of Dithmenos.
  4121 | D:5      | Found a hazy altar of Hepliaklqana.
  4123 | D:5      | Found a bloodstained altar of Trog.
  4264 | D:5      | Reached skill level 1 in Stealth
  4728 | D:5      | Reached skill level 5 in Fighting
  4793 | D:6      | Reached XP level 8. HP: 52/68 MP: 7/7
  5482 | D:6      | Noticed Blork the orc
  5493 | D:6      | Killed Blork the orc
  6628 | D:6      | Slain by an orc warrior

Levels and vault maps discovered:
D:1:      minmay_arrival_pointy, layout_basic, minmay_fountain_box
D:2:      layout_loops_ring, first_ration, minmay_goblin_outpost
D:3:      layout_basic
D:4:      layout_rooms, nicolae_tso_carved_into_rock, minmay_temple_entry_hall,
          uniq_edmund
D:5:      layout_gridville, grunt_temple_overflow_open,
          minmay_misc_feat_diagonals
D:6:      layout_layer_cave, uniq_blork_the_orc
Temple:   dpeg_chambers_temple

Skill      XL: |  1  2  3  4  5  6  7  8 |
---------------+-------------------------+-----
Armour         | 4 5 6 7 |  7.9
Shields        | 4 5 6 7 |  7.8
Fighting       | 4 5 |  5.4
Long Blades    | 3 4 5 6 7 |  7.8
Dodging        | 1 2 |  2.3
Stealth        | 1 |  1.4

Action                   |  1- 3 |  4- 6 |  7- 9 || total
-------------------------+-------+-------+-------++-------
Melee: Long sword        |    85 |   144 |   186 ||   415
       Headbutt          |    14 |    34 |    50 ||    98
  Use: Scroll            |     4 |       |       ||     4
       Potion            |     2 |       |     1 ||     3
  Eat: Chunk             |     1 |     6 |       ||     7
       Ration            |       |     1 |     2 ||     3
Armor: Scale mail        |    42 |     3 |       ||    45
       Chain mail        |       |    50 |   118 ||   168
Dodge: Dodged            |    27 |    33 |    74 ||   134
Block: Shield            |    54 |   109 |   149 ||   312
       Rpst.: Long sword |    12 |     9 |    20 ||    41

Table legend:
 A = Non-vault XP
 B = Vault XP
 C = Vault XP percentage of total XP
 D = Non-vault monster count
 E = Vault monster count
 F = Vault count percentage of total count
                 A         B        C        D         E       F
            +---------+---------+-------+---------+---------+-------
      Total |    2228 |     276 |  11.0 |     107 |       8 |   7.0
            +---------+---------+-------+---------+---------+-------
        D:1 |      28 |       0 |   0.0 |      20 |       0 |   0.0
        D:2 |     101 |      11 |   9.8 |      17 |       6 |  26.1
        D:3 |      76 |       0 |   0.0 |      15 |       0 |   0.0
        D:4 |     389 |     169 |  30.3 |      12 |       1 |   7.7
        D:5 |     756 |       0 |   0.0 |      18 |       0 |   0.0
        D:6 |     878 |      96 |   9.9 |      25 |       1 |   3.8
            +---------+---------+-------+---------+---------+-------
